 Dungeon Crawl Stone Soup version 0.32-a0-22-g6ae6769602 (webtiles) character file.

Game seed: 5899501903093073944

107 FinniousFinkelbottom the Ducker (level 5, -12/36 HPs)
             Began as a Djinni Fire Elementalist on Jan 17, 2024.
             Was an Initiate of Elyvilon.
             Mangled by a quicksilver ooze (21 damage)
             ... created by the all-consuming vengeance of Jiyva
             ... on level 3 of the Dungeon on Jan 18, 2024.
             The game lasted 00:35:11 (2401 turns).

FinniousFinkelbottom the Ducker (DjFE)              Turns: 2401, Time: 00:35:16

Health: -12/36     AC:  3    Str:  7    XL:     5   Next: 10%
Gold:   64         EV: 13    Int: 18    God:    Elyvilon [......] SH:  0 Dex: 14

rFire   + + .        (no weapon)
rCold   x . .        (no shield)
rNeg    . . .        a - +0 robe
rPois   ∞            d - +0 helmet
rElec   .            (no cloak)
rCorr   .            (no gloves)
SInv    .            (boots unavailable)
Will    .....        (no amulet)
Stlth   +++          (no ring)
HPRegen 0.26/turn    (no ring)
MPRegen 0.00/turn

%: infuse magic (-13 HP)
@: engulfed, flying
A: sickness immunity, fire resistance 2, cold vulnerability 1, float, innate
caster, HP casting, extra vitality 1, claws 1, translucent skin 2, MP-powered
wands, engulf
a: Renounce Religion


You were on level 3 of the Dungeon.
You worshipped Elyvilon.
Elyvilon was noncommittal.
You visited 1 branch of the dungeon, and saw 3 of its levels.

You collected 64 gold pieces.

Inventory:

Hand Weapons
 c - a +0 club
Missiles
 f - 17 stones
Armour
 a - a +0 robe (worn)
 d - a +0 helmet (worn)
 g - a +0 leather armour
Scrolls
 k - a scroll of teleportation
 l - a scroll of vulnerability {unknown}
Potions
 b - a potion of degeneration {unknown}
 e - a potion of enlightenment {unknown}
 h - a potion of heal wounds {unknown}
 i - a potion of mutation
 j - 2 potions of curing {unknown}


   Skills:
 + Level 0.9 Fighting
 + Level 3.9 Dodging
 + Level 2.3 Stealth
 + Level 3.6 Spellcasting
 + Level 3.6 Conjurations
 + Level 3.6 Hexes
 + Level 3.6 Summonings
 + Level 3.6 Necromancy
 + Level 3.6 Translocations
 + Level 3.6 Fire Magic
 + Level 3.6 Ice Magic
 + Level 3.6 Air Magic
 + Level 3.6 Earth Magic
 + Level 3.6 Alchemy


You knew the following spells:

 Your Spells              Type           Power      Damage    Failure   Level
a - Foxfire               Conj/Fire      64%        2x1d7     3%          1
b - Scorch                Fire           32%        2d6       5%          2
c - Volatile Blastmotes   Fire/Tloc      32%        2d12      11%         3
d - Inner Flame           Hex/Fire       16%        N/A       11%         3
e - Flame Wave            Conj/Fire      16%        2d7       34%         4
f - Necrotise             Necr           64%        1d7       3%          1
g - Call Imp              Summ           32%        N/A       5%          2
Your spell library was empty.

Dungeon Overview and Level Annotations

Branches:
Dungeon (3/15)

Altars:
Elyvilon
Fedhas
Gozag
Nemelex Xobeh
Zin
Jiyva


Innate Abilities, Weirdness & Mutations

You are immune to sickness and miasma.
You are immune to poison.
Your flesh is very heat resistant. (rF++)
You are vulnerable to cold. (rC-)
You float through the air rather than walking.
You learn spells naturally, not from books.
Your magical power is your life essence.
You have superior vitality. (+4 MHP)
You have sharp fingernails.
Your translucent skin reduces your foes' accuracy. (Stealth+)
You expend health (3 HP) to strengthen your wands.
Your melee attacks may engulf your foes in ooze.


Message History

You are too confused!
You are too confused!
You are too confused!
You are too confused!
You are too confused!
You are too confused!
You are too confused!
You are too confused!
You are too confused!
You bump into the rock wall.
The jelly quivers.
The quicksilver ooze hits you.
The quicksilver ooze closely misses you.
The endoplasm barely misses you.
The quicksilver ooze attacks as it pursues you!
The quicksilver ooze hits you! The quicksilver ooze engulfs you!
The quicksilver ooze closely misses you.
The quicksilver ooze barely misses you.
The quicksilver ooze hits you but does no damage.
The glowing orange brain pulsates.
The endoplasm freezes you.
You are frozen.
You feel a terrible chill!
You are too confused!
You are too confused!
You are too confused!
You are too confused!
You are too confused!
You are too confused!
You are too confused!
You are too confused!
You are too confused!
You are too confused!
You are too confused!
You bump into the rock wall.
You feel less confused.
The orc dissolves into shadows!
The quicksilver ooze barely misses you. The quicksilver ooze hits you!
* * * LOW HITPOINT WARNING * * *
The jelly hits you but does no damage. The quicksilver ooze hits you!!
Ouch! That really hurt!
You die...

....#......##.##.###...###.#.....
###..............##......#.#._...
#.##........##.##....#.#.#.....
#.###.#..#####.##....#.#.######
#.###>#<............##.#.####.#
###.......######g##.####.#......#
..#.....#####.gGJ##.####.########
#.....### #...JJJ##......########
#.....# #.####@J####..........#
......# #..#.#######.########.#
#.....# #.#.)...#.#..# ####.#
#.....# ######.#..#### #.....
..##### #..#.####.### #.##.# ###
###.#.....#.#.# #.##.#
#.#†####.#†.#.# #.##.#
#.#..#.######.### #.##.#
#.#.#.....#.#...# #.....


You could see a glowing orange brain, a quicksilver ooze, a jelly, 3 endoplasms,
a hobgoblin (summoned) and a goblin (summoned).

Vanquished Creatures
  6 jellies (D:3)
  An orc wizard (D:2)
  5 adders
  A dart slug (D:3)
  5 goblins
  3 hobgoblins
  4 jackals
  2 quokkas
  2 ball pythons
  4 bats
  2 frilled lizards
  3 kobolds
  5 rats
43 creatures vanquished.

Vanquished Creatures (collateral kills)
  A bat (D:3)
  A frilled lizard (D:3)
2 creatures vanquished.

Vanquished Creatures (others)
  An endoplasm (D:2)
  A goblin (D:1)
  A hobgoblin (D:2)
  A kobold (D:2)
  A rat (D:3)
  48 foxfires
53 creatures vanquished.

Grand Total: 98 creatures vanquished

Notes
Turn   | Place    | Note
-------+----------+-------------------------------------------
     0 | D:1      | FinniousFinkelbottom the Djinni Fire Elementalist began the
                  | quest for the Orb.
     0 | D:1      | FinniousFinkelbottom set off with the following spells
                  | memorised: Foxfire, Scorch, Volatile Blastmotes, Inner
                  | Flame, Flame Wave.
     0 | D:1      | Reached XP level 1. HP: 15/15 MP: 0/0
    90 | D:1      | Found a faded altar of an unknown god.
    99 | D:1      | Prayed at the altar of an unknown god.
    99 | D:1      | Became a worshipper of Jiyva Jeufiesa the Shapeless
    99 | D:1      | Reached * piety under Jiyva
   517 | D:1      | Reached ** piety under Jiyva
   565 | D:2      | Reached XP level 2. HP: 11/21 MP: 0/0
   698 | D:2      | Reached XP level 3. HP: 20/25 MP: 0/0
   698 | D:2      | Learned a level 1 spell: Necrotise
   836 | D:2      | Gained mutation: You have sharp fingernails. [potion of
                  | mutation]
   836 | D:2      | Gained mutation: You expend health (3 HP) to strengthen
                  | your wands. [potion of mutation]
   836 | D:2      | Gained mutation: You are partially covered in large bone
                  | plates. (SH +4) [potion of mutation]
   849 | D:2      | Reached XP level 4. HP: 10/31 MP: 0/0
  1219 | D:3      | Upgraded the game from 0.32-a0-20-ge526923d97 to
                  | 0.32-a0-22-g6ae6769602
  1536 | D:3      | Found a glowing silver altar of Zin.
  1537 | D:3      | Reached *** piety under Jiyva
  1538 | D:3      | Found an opulent altar of Gozag.
  1569 | D:3      | Found a white marble altar of Elyvilon.
  1570 | D:3      | Lost mutation: You are partially covered in large bone
                  | plates. (SH +4) [Jiyva's grace]
  1570 | D:3      | Gained mutation: Your translucent skin slightly reduces
                  | your foes' accuracy. (Stealth+) [Jiyva's grace]
  1570 | D:3      | Gained mutation: Your translucent skin reduces your foes'
                  | accuracy. (Stealth+) [Jiyva's grace]
  1570 | D:3      | Gained mutation: Your transparent skin significantly
                  | reduces your foes' accuracy. (Stealth+) [Jiyva's grace]
  1570 | D:3      | Gained mutation: Your melee attacks may engulf your foes in
                  | ooze. [Jiyva's grace]
  1579 | D:3      | Fell from the grace of Jiyva
  1579 | D:3      | Became a worshipper of Elyvilon the Healer
  1720 | D:3      | Found a sparkling altar of Nemelex Xobeh.
  2012 | D:3      | Found a blossoming altar of Fedhas.
  2050 | D:3      | Reached XP level 5. HP: 27/36 MP: 0/0
  2050 | D:3      | Learned a level 2 spell: Call Imp
  2395 | D:3      | Lost mutation: Your transparent skin significantly reduces
                  | your foes' accuracy. (Stealth+) [the all-consuming
                  | vengeance of Jiyva]
  2396 | D:3      | Noticed a quicksilver ooze
  2396 | D:3      | Noticed a glowing orange brain
  2401 | D:3      | Mangled by a quicksilver ooze

Illustrated notes

Levels and vault maps discovered:
D:1:      minmay_arrival_stone_box, layout_basic, ebering_ecumenical_altar_hall,
          serial_curves, eino_curves_04, eino_curves_01
D:2:      layout_basic, kennysheep_potato
D:3:      minmay_angry_zag, layout_loops_cross,
          grunt_temple_overflow_growth_and_decay,
          grunt_temple_overflow_gold_and_silver, nemelex_spade_bored_becter,
          elyvilon_altar_5

Skill      XL: |  1  2 |
---------------+-------+-----
Stealth        | 2 |  2.3
Dodging        | 3 |  3.9
Fighting       | |  0.9
Spellcasting   | |  3.6
Conjurations   | |  3.6
Hexes          | |  3.6
Summonings     | |  3.6
Necromancy     | |  3.6
Translocations | |  3.6
Fire Magic     | |  3.6
Ice Magic      | |  3.6
Air Magic      | |  3.6
Earth Magic    | |  3.6
Alchemy        | |  3.6

Action                     |  1- 3 |  4- 6 || total
---------------------------+-------+-------++-------
  Melee: Unarmed           |     3 |       ||     3
   Cast: Foxfire           |    16 |    19 ||    35
         Scorch            |    12 |    16 ||    28
         Necrotise         |     4 |    29 ||    33
    Use: Scroll            |     3 |       ||     3
         Potion            |     1 |       ||     1
 Armour: Robe              |    40 |    14 ||    54
  Dodge: Dodged            |    24 |    41 ||    65
  Block: Other             |     1 |     4 ||     5

Table legend: (Time is in decaauts)
 A = Elapsed time spent in this place.
 B = Non-inter-level travel time spent in this place.
 C = Inter-level travel time spent in this place.
 D = Time resting spent in this place.
 E = Time spent auto-exploring this place.
 F = Levels seen in this place.
 G = Mean time per level.
                   A        B        C        D        E       F      G
               +--------+--------+--------+--------+--------+-----+--------+
         Total |   2403 |   2398 |      5 |     63 |    356 |   3 |  801.0 |
       Dungeon |   2403 |   2398 |      5 |     63 |    356 |   3 |  801.0 |
               +--------+--------+--------+--------+--------+-----+--------+

Top non-repeatable levels by time:
     D:3: 1188 daAuts
     D:2: 672 daAuts
     D:1: 542 daAuts
